AoeStats
← jakkmon

Arabian Desert

510140684Analyzed
1v1 RM · 3d ago on Sep 29, 2026· 71m 27s· 2 players
Game mode
Random Map
Map size
Tiny (2 player)
Population
200
Speed
Normal
Resources
Standard
Victory
Conquest
Starting age
Dark Age
Ending age
Imperial Age
RankedLock teamsTeams togetherTeam positionsShared explorationLock speedFull tech treeHidden civsTurbo modeCheats
Victory
Defeat
🇺🇸 Burgundians · United States
674
+17
🇨🇳 Bulgarians · China
687
-17
jakkmon
3:04 Loom
7:43 Wheelbarrow
14:24 Feudal Age
16:23 Double-Bit Axe
16:22 Horse Collar
19:00 Hand Cart
23:34 Forging
23:30 Scale Barding Armor
26:17 Castle Age
25:15 Fletching
27:39 Cavalier
29:56 Husbandry
30:14 Gold Mining
30:17 Stone Mining
31:30 Bow Saw
31:28 Crossbowman
34:59 Pikeman
35:41 Squires
37:38 Town Watch
39:34 Gold Shaft Mining
44:39 Stone Shaft Mining
45:31 Town Patrol
52:09 Imperial Age
51:53 Bodkin Arrow
51:58 Padded Archer Armor
53:25 Redemption
53:49 Conscription
53:35 Burgundian Vineyards
55:31 Leather Archer Armor
62:00 Paladin
66:06 Halberdier
66:52 Scale Mail Armor
67:27 Iron Casting
72:29 Blast Furnace
Bu:)
11:30 Feudal Age
11:58 Double-Bit Axe
14:11 Forging
23:00 Bloodlines
31:52 Castle Age
35:10 Husbandry
36:43 Fletching
56:24 Light Cavalry
59:55 Stirrups
66:28 Gold Mining
Connection lost

Rejoining the realm…

Still unreachable

The connection could not be restored.

Session expired

The server has moved on; the page needs a fresh start.